 Dungeon Crawl Stone Soup version 0.31-a0-152-g6aa68a64a1 (webtiles) character file.

Game seed: 16661852938963790815

417 Moral the Gusty (level 6, -1/50 HPs)
             Began as a Naga Air Elementalist on June 11, 2023.
             Slain by a bullfrog (7 damage)
             ... on level 6 of the Dungeon.
             The game lasted 00:15:47 (5428 turns).

Moral the Gusty (Naga Air Elementalist)             Turns: 5428, Time: 00:15:47

Health: -1/50      AC:  4    Str: 10    XL:     6   Next: 92%
Magic:  10/10      EV: 10    Int: 18    God:
Gold:   198        SH:  0    Dex: 11    Spells: 10/11 levels left

rFire   . . .        b - staff of air
rCold   . . .        (no shield)
rNeg    . . .        a - +1 robe
rPois   +            (no helmet)
rElec   +            (no cloak)
rCorr   .            (no gloves)
SInv    +            (no barding)
Will    .....        c - amulet of regeneration
Stlth   ++           (no ring)
HPRegen 1.08/turn    (no ring)
MPRegen 0.12/turn

%: no passive effects
@: very slow
A: AC +2, large, see invisible, deformed body, poison resistance, slowness 2,
spit poison 1, naga tail 1
a: Spit Poison


You were on level 6 of the Dungeon.
You visited 1 branch of the dungeon, and saw 6 of its levels.

You collected 198 gold pieces.

Inventory:

Hand Weapons
 m - a +1 falchion of electrocution
Armour
 a - a +1 robe (worn)
Magical Staves
 b - a staff of air (weapon)
Jewellery
 c - an amulet of regeneration (around neck)
Scrolls
 d - 2 scrolls of identify
 e - 2 scrolls of amnesia
 i - a scroll of poison
Potions
 f - a potion of enlightenment {unknown}
 g - a potion of invisibility {unknown}
 h - 3 potions of brilliance {unknown}
 k - a potion of attraction {unknown}
 l - a potion of lignification {unknown}
 n - a potion of curing {unknown}


   Skills:
 + Level 0.4 Fighting
 - Level 1.7 Long Blades
 * Level 0.2 Staves
 + Level 2.0 Dodging
 + Level 4.3 Stealth
 + Level 3.0 Spellcasting
 + Level 3.2 Conjurations
 * Level 5.0 Air Magic
 + Level 0.5 Evocations


You had 10 spell levels left.
You knew the following spells:

 Your Spells              Type           Power      Damage    Failure   Level
a - Shock                 Conj/Air       100%       1d9       3%          1

Your spell library contained the following spells:

 Spells                   Type           Power      Damage    Failure   Level
 Static Discharge         Conj/Air       52%        2-5/arc   4%          2
 Swiftness                Air            31%        N/A       6%          3
 Summon Small Mammal      Summ           8%         N/A       16%         1
 Airstrike                Air            15%        2d(3-19)  21%         4
 Call Canine Familiar     Summ           2%         N/A       43%         3
 Portal Projectile        Hex/Tloc       4%         N/A       43%         3
 Summon Guardian Golem    Hex/Summ       2%         N/A       43%         3
 Tukima's Dance           Hex            2%         N/A       43%         3
 Blade Hands              Tmut           1%         N/A       99%         5


Dungeon Overview and Level Annotations

Branches:
Dungeon (6/15)
 Temple: D:4-7

Altars:
Ru
Sif Muna
Zin

Shops:
D:3 :   D:5 (

Annotations:
D:6 Eustachio


Innate Abilities, Weirdness & Mutations

Your serpentine skin is tough. (AC +2)
You have supernaturally acute eyesight. (SInv)
Armour fits poorly on your strangely shaped body.
Your system is resistant to poisons. (rPois)
You cover ground very slowly.
You can spit poison.
You have a snake-like lower body.


Message History

There is an open door here.
Done exploring.
Done exploring.
Done exploring.
Done exploring.
Done exploring.
There is a stone staircase leading down here.
There is a stone staircase leading down here.
You climb downwards.
There is a stone staircase leading up here.
Found a stone staircase leading up.
A bullfrog comes into view.
A bullfrog is nearby!
The bullfrog gives a loud, deep croak!
You hear a shout!
The bullfrog hits you! The bullfrog barely misses you.
You hit the bullfrog.
The bullfrog is lightly wounded.
The bullfrog closely misses you. The bullfrog hits you!
You hit the bullfrog.
The bullfrog is moderately wounded.
The bullfrog hits you! The bullfrog hits you.
You hit the bullfrog.
The bullfrog is moderately wounded.
The bullfrog closely misses you. The bullfrog hits you.
Eustachio the Magnificent comes into view.
He is wielding a +0 rapier.
You hit the bullfrog.
The bullfrog is heavily wounded.
The bullfrog barely misses you.
You hit the bullfrog.
The bullfrog is severely wounded.
The bullfrog hits you. The bullfrog barely misses you.
The bullfrog attacks as you move away! The bullfrog hits you. x2
Eustachio mumbles some strange words.
As you read the scroll of fog, it crumbles to dust.
The scroll dissolves into smoke.
The bullfrog hits you. x2
* * * LOW HITPOINT WARNING * * *
Eustachio attacks as you move away! Eustachio hits you with a +0 rapier!
* * * LOW HITPOINT WARNING * * *
The bullfrog hits you!
You die...

# ## ## .##5##§ .#
....§5§#§# #.# #5@§#
#.# ##F## #.# #@# #.#
#§# #.# #§# #.# #.# #.#
#.# #<#
.######.######.#
.............#.#####.#.
.######...............^
#.####.........##


You could see Eustachio, a bullfrog and an ufetubus (summoned).

Vanquished Creatures
  2 hounds
  A gnoll bouda (D:5)
  4 iguanas
  An orc wizard (D:3)
  8 gnolls
  5 adders
  A worm (D:2)
  3 dart slugs
  3 orcs (D:3)
  8 ball pythons
  2 bats
  6 endoplasms
  5 giant cockroaches
  4 goblins
  6 hobgoblins
  5 kobolds
  2 quokkas (D:1)
  5 rats
71 creatures vanquished.

Vanquished Creatures (collateral kills)
  A goblin (D:4)
1 creature vanquished.

Grand Total: 72 creatures vanquished

Notes
Turn   | Place    | Note
-------+----------+-------------------------------------------
     0 | D:1      | Moral the Naga Air Elementalist began the quest for the
                  | Orb.
     0 | D:1      | Reached XP level 1. HP: 15/15 MP: 3/3
   495 | D:1      | Reached XP level 2. HP: 22/22 MP: 1/5
  1021 | D:1      | Reached XP level 3. HP: 28/28 MP: 4/6
  2473 | D:3      | Found Edurei's Book Emporium.
  2513 | D:3      | Reached XP level 4. HP: 36/36 MP: 0/7
  2615 | D:3      | Found a sacrificial altar of Ru.
  2808 | D:3      | Reached skill level 4 in Air Magic
  3033 | D:4      | Reached XP level 5. HP: 42/42 MP: 3/8
  3961 | D:4      | Reached skill level 1 in Long Blades
  3961 | D:4      | Reached XP level 6. HP: 47/49 MP: 2/10
  4600 | D:5      | Entered Level 5 of the Dungeon
  4762 | D:5      | Identified a scroll of acquirement
  4762 | D:5      | Acquired a staff of air
  4776 | D:5      | Reached skill level 5 in Air Magic
  4909 | D:5      | Found a shimmering blue altar of Sif Muna.
  4922 | D:5      | Found Ebrukhie's Weapon Emporium.
  5309 | D:5      | Found a glowing silver altar of Zin.
  5423 | D:6      | Noticed Eustachio
  5428 | D:6      | Slain by a bullfrog

Illustrated notes

Levels and vault maps discovered:
D:1:      nagdon_arrival_double_spiral, layout_loops_ring,
          minmay_misc_feat_pillars
D:2:      layout_basic
D:3:      layout_loops_ring, nicolae_ru_the_path_less_chosen, serial_shops,
          nicolae_shop_peninsula
D:4:      layout_layer_cave
D:5:      layout_rooms, zin_statuary, mainiacjoe_overflow_surrounded_room,
          kennysheep_minor_cross, nicolae_stop_n_shop_2
D:6:      layout_loops_ring, kennysheep_little_box, doesnt_xom_only_xom,
          minmay_temple_entry_ruins, uniq_eustachio, uniq_pikel

Skill      XL: |  1  2  3  4  5  6 |
---------------+-------------------+-----
Conjurations   | 2 3 |  3.2
Air Magic      | 4 5 |  5.0
Stealth        | 4 |  4.3
Long Blades    | 1 |  1.7
Spellcasting   | 3 |  3.0
Dodging        | 2 |  2.0
Fighting       | |  0.4
Staves         | |  0.2
Evocations     | |  0.5

Action                     |  1- 3 |  4- 6 || total
---------------------------+-------+-------++-------
  Melee: Unarmed           |    11 |       ||    11
         Falchion          |       |    22 ||    22
         Staff             |       |    18 ||    18
   Cast: Shock             |    80 |    76 ||   156
Ability: Spit Poison       |     7 |     5 ||    12
  Evoke: Wand              |       |     5 ||     5
    Use: Scroll            |     8 |     6 ||    14
         Potion            |       |     2 ||     2
   Stab: Sleeping          |       |     2 ||     2
 Armour: Robe              |     2 |    15 ||    17
  Dodge: Dodged            |    10 |    40 ||    50

Table legend: (Time is in decaauts)
 A = Elapsed time spent in this place.
 B = Non-inter-level travel time spent in this place.
 C = Inter-level travel time spent in this place.
 D = Time resting spent in this place.
 E = Time spent auto-exploring this place.
 F = Levels seen in this place.
 G = Mean time per level.
                   A        B        C        D        E       F      G
               +--------+--------+--------+--------+--------+-----+--------+
         Total |   6771 |   6759 |     12 |    618 |   5266 |   6 | 1128.5 |
       Dungeon |   6771 |   6759 |     12 |    618 |   5266 |   6 | 1128.5 |
               +--------+--------+--------+--------+--------+-----+--------+

Top non-repeatable levels by time:
     D:4: 2034 daAuts
     D:1: 1658 daAuts
     D:3: 1158 daAuts
     D:5: 1023 daAuts
     D:2: 859 daAuts
     D:6: 38 daAuts
